 Dungeon Sprint DCSS version 0.28-a0-984-g3775c662fe (webtiles) character file.

Game seed: 8231804658978068152

1298 Turgor the Cleaver (level 8, -6/121 HPs)
             Began as a Minotaur Berserker on Dec 3, 2021.
             Was a Priest of Trog.
             Killed from afar by an air elemental (8 damage)
             ... with a stunning burst
             ... while paralysed by an air elemental
             ... in the Dungeon (Sprint V: "Ziggurat Sprint").
             The game lasted 00:04:37 (213 turns).

Turgor the Cleaver (Minotaur Berserker)              Turns: 213, Time: 00:04:37

Health: -6/121     AC:  2    Str: 29    XL:     8   Next: 31%
Magic:  7/7        EV:  2    Int:  4    God:    Trog [***...]
Gold:   0          SH:  0    Dex: 17    Spells: 7/7 levels left

rFire   . . .      SeeInvis +   s - +14 obsidian axe {vorpal, Mesm Drain Fly SInv}
rCold   . . .      Faith    .   r - +3 buckler
rNeg    . . .      Spirit   .   b - +0 animal skin
rPois   .          Reflect  .   (helmet restricted)
rElec   .          Harm     .   (no cloak)
rCorr   .          Rampage  .   (no gloves)
Will    .....      NoTele   +   (no boots)
Stlth   ..........              (no amulet)
HPRegen 0.30/turn               I - +6 ring of dexterity
MPRegen 0.10/turn               M - +6 ring of strength

@: paralysed, berserking, flying, mesmerised
A: horns 2, retaliatory headbutt
a: Renounce Religion, Berserk, Trog's Hand


You were in the Dungeon.
You worshipped Trog.
Trog was most pleased with you.
You visited 1 branch

Inventory:

Hand Weapons
 a - the +10 dark maul {vorpal}
   (You found it in the Dungeon)

   It inflicts extra damage upon your enemies.
 s - the +14 obsidian axe (weapon) {vorpal, Mesm Drain Fly SInv}
   (You found it in the Dungeon)

   It inflicts extra damage upon your enemies.
   It occasionally summons demons to assist the wielder when it strikes in
   combat.
   Its wielder is mesmerised by any visible foes.
   It cannot be unequipped while any foes are visible.
   SInv:      It lets you see invisible.
   Fly:       It grants you flight.
   Drain:     It drains your maximum health when unequipped.
 v - the +7 Singing Sword {vorpal, sonic wave}
   (You found it in the Dungeon)

   It inflicts extra damage upon your enemies.
   It radiates damaging sonic waves as it strikes, especially in combat
   involving dangerous or numerous foes.
 w - the +8 lance "Wyrmbane" {slay drac, rPois rF+ rC+ AC+3}
   (You found it in the Dungeon)

   It inflicts extra damage against dragons and draconians.
   AC:        It affects your AC (+3).
   rF:        It protects you from fire.
   rC:        It protects you from cold.
   rPois:     It protects you from poison.
 x - the +6 shillelagh "Devastator" {shatter}
   (You found it in the Dungeon)

   It releases a powerful concussive burst when it strikes, dealing extra damage
   to the target and all other foes adjacent to them.
 y - the +5 sword of Power {vorpal}
   (You found it in the Dungeon)

   It inflicts extra damage upon your enemies.
   It occasionally discharges a powerful but inaccurate bolt of energy upon
   striking a foe, with increased chance the greater the wielder's current
   health.
 z - the +9 sword of Zonguldrok {reap}
   (You found it in the Dungeon)

   Any living foe damaged by it may be reanimated upon death as a zombie
   friendly to the wielder, with an increasing chance as more damage is dealt.
 A - a +9 broad axe
 B - a +5 executioner's axe
 C - a +5 fustibalus
Missiles
 D - 1000 sling bullets
Armour
 b - a +0 animal skin (worn)
 q - +5 gold dragon scales
 r - a +3 buckler (worn)
 t - the +15 Maxwell's patent armour {-Cast -Tele rElec Will+ rCorr}
   (You found it in the Dungeon)

   rElec:     It insulates you from electricity.
   -Cast:     It prevents spellcasting.
   -Tele:     It prevents most forms of teleportation.
   rCorr:     It protects you from acid and corrosion.
   Will:      It increases your willpower.
 u - the +18 shield of the Gong {rElec rN+ Will+ EV-5}
   (You found it in the Dungeon)

   It is deafeningly noisy when blocking attacks.
   EV:        It affects your evasion (-5).
   rElec:     It insulates you from electricity.
   rN:        It protects you from negative energy.
   Will:      It increases your willpower.
Jewellery
 I - a +6 ring of dexterity (left hand)
 J - a +6 ring of dexterity
 L - a +6 ring of intelligence
 M - a +6 ring of strength (right hand)
 N - a +6 ring of strength
 P - a ring of willpower
Wands
 E - a wand of mindburst (7)
 F - a wand of iceblast (7)
 G - a wand of acid (7)
Scrolls
 h - 4 scrolls of blinking
 m - 7 scrolls of fog
 n - a scroll of holy word
 o - 5 scrolls of identify
 p - 2 scrolls of fear
Potions
 c - 10 potions of curing
 d - 10 potions of heal wounds
 e - 6 potions of haste
 f - 7 potions of magic
 g - 3 potions of berserk rage
 i - 2 potions of invisibility
 j - 4 potions of resistance
 k - a potion of experience
 l - 5 potions of might
Miscellaneous
 H - a lightning rod (4/4)
 K - a tin of tremorstones (2/2)


   Skills:
 + Level 10.7 Fighting
 * Level 12.8 Axes
 + Level 8.4 Armour
 + Level 7.7 Dodging
 + Level 7.2 Shields
 + Level 5.5 Evocations


You had 7 spell levels left.
You didn't know any spells.
Your spell library was empty.

Dungeon Overview and Level Annotations

Branches:
Dungeon (1/1)

Altars:
Ashenzari
Cheibriados
Dithmenos
Elyvilon
Fedhas
Gozag
Hepliaklqana
Kikubaaqudgha
Makhleb
Nemelex Xobeh
Okawaru
Qazlal
Ru
Sif Muna
Trog
Uskayaw
Vehumet
Wu Jian
Xom
Yredelemnul
Zin
The Shining One
Beogh
Jiyva
Lugonu

Annotations:
D 1 transporter


Innate Abilities, Weirdness & Mutations

You have a pair of horns on your head.
You reflexively headbutt those who attack you in melee.


Message History

You destroy the air elemental!
Trog accepts your kill.
You miss the air elemental.
The air elemental fires a burst of electricity at you.
The stunning burst hits the air elemental.
The air elemental completely resists.
The stunning burst misses you.
The air elemental fires a burst of electricity at you.
The stunning burst misses the air elemental.
The stunning burst hits you!
You shrug off the repeated paralysis!
The air elemental fires a burst of electricity at you.
The stunning burst misses you. The air elemental closely misses you.
You have reached level 8!
You feel agile.
You slash the air elemental!
The air elemental is heavily damaged.
You hit the air elemental. You miss the air elemental.
Visions of slaying the air elemental flood into your mind.
The air elemental hits you.
* * * LOW HITPOINT WARNING * * *
The air elemental hits you.
* * * LOW HITPOINT WARNING * * *
You block the air elemental's attack. The air elemental closely misses you.
The air elemental barely misses you.
You slice the air elemental!!
You destroy the air elemental!
Trog accepts your kill.
You slice the air elemental!! You slash the air elemental!
The air elemental fires a burst of electricity at you.
The stunning burst hits you!
You suddenly lose the ability to move!
* * * LOW HITPOINT WARNING * * *
The air elemental hits you!
* * * LOW HITPOINT WARNING * * *
The air elemental hits you.
* * * LOW HITPOINT WARNING * * *
The air elemental hits you.
* * * LOW HITPOINT WARNING * * *
Your Shields skill increases to level 7!
The air elemental fires a burst of electricity at you.
The stunning burst hits you!
You die...

▓▓▓▓▓▓▓▓▓▓▓▓▓▓▓▓▓▓▓
▓.8©8.▓.8©8.▓.8©8.▓
▓.)[}.▓..)..▓.....▓
▓..=..▓.....▓...).▓
▓.....▓.....▓.....▓
▓.....▓.))[.▓.....▓
▓.E.E.▓.....▓..©..▓
▓..@..▓..©..▓▓▓▓▓▓▓
▓▓▓▓▓▓▓▓▓▓▓▓▓


You could see 2 air elementals.

Vanquished Creatures
  A two-headed ogre (D)
  A troll (D)
  2 air elementals (D)
  An ogre (D)
  2 scorpions (D)
7 creatures vanquished.

Notes
Turn   | Place    | Note
-------+----------+-------------------------------------------
     0 | D        | Turgor the Minotaur Berserker began the quest for the Orb.
     0 | D        | Reached XP level 1. HP: 19/19 MP: 0/0
     0 | D        | Found a shimmering blue altar of Sif Muna.
     0 | D        | Found a sacrificial altar of Ru.
     0 | D        | Found a bloodstained altar of Trog.
     0 | D        | Found a stormy altar of Qazlal.
     0 | D        | Found an iron altar of Okawaru.
     0 | D        | Found a sparkling altar of Nemelex Xobeh.
     0 | D        | Found a blossoming altar of Fedhas.
     0 | D        | Found the +6 Majin-Bo {vamp, MP+6 Int+6}
     0 | D        | Found the +9 heavy crossbow "Sniper" {vorpal, Acc+∞ SInv}
     0 | D        | Found the +10 dark maul {vorpal}
     0 | D        | Found the +15 Maxwell's patent armour {-Cast -Tele rElec
                  | Will+ rCorr}
     0 | D        | Found the +18 shield of the Gong {rElec rN+ Will+ EV-5}
     0 | D        | Found the +14 obsidian axe {vorpal, Mesm Drain Fly SInv}
     0 | D        | Found the +7 great mace "Firestarter" {inner flame, rF++}
     0 | D        | Found the +6 shillelagh "Devastator" {shatter}
     0 | D        | Found the +11 plutonium sword {Contam Stlth-}
     0 | D        | Found the +8 lance "Wyrmbane" {slay drac, rPois rF+ rC+
                  | AC+3}
     0 | D        | Found the +9 sword of Zonguldrok {reap}
     0 | D        | Found the +13 scythe of Curses {drain, Drain}
     0 | D        | Found the +5 sword of Power {vorpal}
     0 | D        | Found the +7 mace of Variability {chain chaos}
     0 | D        | Found the +7 Singing Sword {vorpal, sonic wave}
     0 | D        | Found the +8 storm bow {elec, penet}
     2 | D        | Found a transporter.
     2 | D        | Found an ancient bone altar of Kikubaaqudgha.
     2 | D        | Found a viscous altar of Jiyva.
     2 | D        | Found a corrupted altar of Lugonu.
     2 | D        | Found a hazy altar of Hepliaklqana.
     2 | D        | Found a burning altar of Makhleb.
     2 | D        | Found an opulent altar of Gozag.
    64 | D        | Entered arena 2.
    64 | D        | Noticed a scorpion
    64 | D        | Noticed a scorpion
    64 | D        | Found a transporter.
    67 | D        | Killed a scorpion
    67 | D        | Killed a scorpion
    68 | D        | Reached skill level 8 in Axes
    68 | D        | Reached XP level 2. HP: 35/35 MP: 1/1
    68 | D        | Reached XP level 3. HP: 40/40 MP: 2/2
    68 | D        | Reached XP level 4. HP: 48/48 MP: 3/3
   100 | D        | Entered arena 3.
   100 | D        | Noticed an ogre
   100 | D        | Noticed a two-headed ogre
   100 | D        | Noticed a troll
   100 | D        | Found a transporter.
   105 | D        | Killed a two-headed ogre
   105 | D        | Reached ** piety under Trog
   106 | D        | Reached skill level 11 in Axes
   106 | D        | Reached skill level 5 in Shields
   106 | D        | Reached XP level 5. HP: 57/58 MP: 4/4
   106 | D        | Reached XP level 6. HP: 65/66 MP: 5/5
   106 | D        | Reached XP level 7. HP: 69/71 MP: 6/6
   106 | D        | Killed a troll
   107 | D        | Reached skill level 10 in Fighting
   107 | D        | Reached skill level 12 in Axes
   107 | D        | Reached skill level 5 in Evocations
   207 | D        | Entered arena 4.
   207 | D        | Noticed an air elemental
   207 | D        | Noticed an air elemental
   207 | D        | Noticed an air elemental
   207 | D        | Noticed an air elemental
   207 | D        | Found a transporter.
   207 | D        | Paralysed by an air elemental for 1 turns
   210 | D        | Killed an air elemental
   211 | D        | Reached XP level 8. HP: 37/80 MP: 7/7
   212 | D        | Killed an air elemental
   212 | D        | Reached *** piety under Trog
   212 | D        | Paralysed by an air elemental for 1 turns
   212 | D        | HP: 5/120 [air elemental (5)]
   212 | D        | HP: 2/120 [air elemental (3)]
   213 | D        | Killed from afar by an air elemental

Illustrated notes

Levels and vault maps discovered:
D:        sprint_v [room_start, room_1, room_2, room_3, room_4, room_5, room_6,
          room_7, room_8, room_9, room_10, room_11, room_12, room_13, room_14,
          room_15, room_16, room_17, room_18, room_19, room_20, room_21,
          room_22, room_23, room_24, room_25, room_26, room_27]

Skill      XL: |  1  2  3  4  5  6  7  8 |
---------------+-------------------------+-----
Fighting       | 7 9 10 | 10.7
Axes           | 8 11 12 | 12.8
Armour         | 4 7 8 |  8.4
Dodging        | 3 6 7 |  7.7
Shields        | 5 6 7 |  7.2
Evocations     | 4 5 |  5.5

Action                   |  1- 3 |  4- 6 |  7- 9 || total
-------------------------+-------+-------+-------++-------
Melee: Broad axe         |     1 |     3 |     6 ||    10
       Headbutt          |       |     1 |     1 ||     2
Invok: Berserk           |     1 |     1 |     1 ||     3
  Use: Scroll            |       |       |     4 ||     4
Dodge: Dodged            |       |     2 |     8 ||    10
Block: Buckler           |     1 |     1 |     1 ||     3

Table legend: (Time is in decaauts)
 A = Elapsed time spent in this place.
 B = Non-inter-level travel time spent in this place.
 C = Inter-level travel time spent in this place.
 D = Time resting spent in this place.
 E = Time spent auto-exploring this place.
 F = Levels seen in this place.
 G = Mean time per level.
                   A        B        C        D        E       F      G
               +--------+--------+--------+--------+--------+-----+--------+
         Total |    231 |    231 |      0 |    122 |      0 |   1 |  231.0 |
       Dungeon |    231 |    231 |      0 |    122 |      0 |   1 |  231.0 |
               +--------+--------+--------+--------+--------+-----+--------+

Top non-repeatable levels by time:
       D: 231 daAuts
